 Dungeon Crawl Stone Soup version 0.20-a0-1006-ge6c5631 (webtiles) character file.

897 Rrauwl the Skirmisher (level 8, -2/77 HPs)
             Began as a Hill Orc Fighter on Apr 14, 2017.
             Slain by Rrauwl's ghost (12 damage)
             ... on level 5 of the Dungeon.
             The game lasted 00:12:40 (3657 turns).

Rrauwl the Skirmisher (Hill Orc Fighter)            Turns: 3657, Time: 00:12:40

Health: -2/77      AC: 14    Str: 21    XL:     8   Next: 7%
Magic:  0/8        EV:  9    Int:  8    God:
Gold:   242        SH: 10    Dex: 10    Spells: 7/7 levels left

rFire    + . .     SeeInvis .   a - +0 war axe
rCold    . . .     Gourm    .   v - +0 shield
rNeg     . . .     Faith    .   b - +0 scale mail
rPois    +         Spirit   +   (no helmet)
rElec    .         Reflect  .   C - +2 cloak {rPois}
rCorr    .         Harm     .   (no gloves)
MR       .....     Clarity  +   q - +0 pair of boots
Stlth    ..........             B - amulet of guardian spirit
Regen    0.3/turn               n - ring of protection from fire
MPRegen  0.2/turn               A - +3 ring of protection

@: no status effects
A: clarity, robust 1
a: no special abilities


You were on level 5 of the Dungeon.
You were hungry.

You visited 1 branch of the dungeon, and saw 5 of its levels.

You collected 242 gold pieces.

Inventory:

Hand Weapons
 a - a +0 war axe (weapon)
 c - a +1 flail of protection
 i - a +4 quarterstaff of chaos
Missiles
 e - 186 stones (quivered)
Armour
 b - a +0 scale mail (worn)
 q - a +0 pair of boots (worn)
 v - a +0 shield (worn)
 C - a +2 cloak of poison resistance (worn)
Jewellery
 n - a ring of protection from fire (left hand)
 w - an uncursed ring of see invisible
 A - a +3 ring of protection (right hand)
 B - an amulet of guardian spirit (around neck)
Scrolls
 h - 3 scrolls of remove curse
 k - 3 scrolls of identify
 o - a scroll of magic mapping
 p - a scroll of fog
 s - a scroll of recharging
 u - 4 scrolls of teleportation
Potions
 x - a potion of flight
 z - a potion of curing
Books
 j - a book of Frost

   Spells                             Type                      Level
   a - Freeze                         Ice                          1
   b - Throw Frost                    Conjuration/Ice              2
   c - Ozocubu's Armour               Charms/Ice                   3
   d - Throw Icicle                   Conjuration/Ice              4
   e - Summon Ice Beast               Ice/Summoning                4
Comestibles
 d - 2 chunks of flesh
 f - 5 bread rations
 g - 2 royal jellies
 m - 4 meat rations


   Skills:
 + Level 5.9 Fighting
 + Level 5.5 Axes
 + Level 5.2 Armour
 - Level 3.0 Dodging
 + Level 5.6 Shields
   Level 0.6 Evocations


You had 7 spell levels left.
You didn't know any spells.

Dungeon Overview and Level Annotations

Branches:
Dungeon (5/15)
 Temple: D:4-7

Altars:
Gozag
Ru
Trog

Annotations:
D:5 Rrauwl's ghost, novice HOFi


Innate Abilities, Weirdness & Mutations

You possess an exceptional clarity of mind.
You are robust. (+10% HP)


Message History

You slash Rrauwl's ghost!
Rrauwl's ghost is severely damaged.
Rrauwl's ghost hits you!
You hit Rrauwl's ghost but do no damage.
Rrauwl's ghost is severely damaged.
Rrauwl's ghost hits you!
* * * LOW HITPOINT WARNING * * *
You hit Rrauwl's ghost.
Rrauwl's ghost is severely damaged.
Rrauwl's ghost hits you but does no damage.
Rrauwl's ghost keens inconsolably.
You block Rrauwl's ghost's attack.
You hit Rrauwl's ghost but do no damage.
Rrauwl's ghost is severely damaged.
Rrauwl's ghost hits you!
* * * LOW HITPOINT WARNING * * *
Your shield and scale mail prevent you from hitting Rrauwl's ghost.
Rrauwl's ghost is severely damaged.
Rrauwl's ghost hits you!
You die...

,,,****,,,,*,,,********#.§######.
,,,* *,,........# *#.## #. ,,,*
*,,........# ##§§#####.
,,,****,,........## #.>...§...
***,,,,,,.........# #§§...§... *
*,,,,,,.........# #§§...§§.. *
*,,,,,,.........# #.§§..§... *
*,,,,,,.........# #####'###.
*,,,,,,......W@.###### #.###.
*,,,,,,..............# #..##.
*******#'#'#'##......# ###'##.
#.............# #....).
#.............# #......
#........###### #......
##.......####### #......
#.............# #......
#...........#.###......


You could see Rrauwl's ghost.

Vanquished Creatures
  Eustachio (D:5)
  Menkaure (D:4)
  Edmund (D:4)
  An ogre (D:5)
  A centaur zombie (D:5)
  Crazy Yiuf (D:4)
  3 orc wizards
  A centaur skeleton (D:4)
  An iguana (D:5)
  2 worker ants (D:4)
  4 adders
  7 gnolls
  3 oozes
  2 worms
  A dart slug (D:1)
  5 leopard geckos
  6 orcs
  7 bats
  7 giant cockroaches
  6 goblins
  3 hobgoblins
  2 kobolds (D:3)
  A quokka (D:5)
  A ball python (D:1)
  6 frilled lizards
  9 rats
83 creatures vanquished.

Notes
Turn   | Place    | Note
-------+----------+-------------------------------------------
     0 | D:1      | Rrauwl the Hill Orc Fighter began the quest for the Orb.
     0 | D:1      | Reached XP level 1. HP: 19/19 MP: 1/1
   338 | D:1      | Reached XP level 2. HP: 26/27 MP: 2/2
   696 | D:2      | Reached XP level 3. HP: 28/33 MP: 3/3
   702 | D:2      | Reached skill level 1 in Dodging
   736 | D:2      | Reached XP level 4. HP: 27/40 MP: 4/4
  1025 | D:2      | Found an opulent altar of Gozag.
  1740 | D:3      | Reached XP level 5. HP: 46/46 MP: 5/5
  1759 | D:3      | Found a sacrificial altar of Ru.
  2356 | D:4      | Noticed Edmund
  2373 | D:4      | Killed Edmund
  2373 | D:4      | Reached XP level 6. HP: 16/53 MP: 6/6
  2479 | D:4      | Found a runed door.
  2519 | D:4      | Noticed Crazy Yiuf
  2520 | D:4      | Gained mutation: You are robust. (+10% HP) [potion of mutation]
  2520 | D:4      | Gained mutation: You possess an exceptional clarity of mind. [potion of mutation]
  2524 | D:4      | Killed Crazy Yiuf
  2703 | D:4      | Noticed Menkaure
  2709 | D:4      | Killed Menkaure
  2709 | D:4      | Reached skill level 5 in Fighting
  2709 | D:4      | Reached skill level 5 in Shields
  2709 | D:4      | Reached XP level 7. HP: 65/67 MP: 7/7
  2792 | D:4      | Found a glowing drain.
  2892 | D:4      | Reached skill level 5 in Axes
  3030 | D:5      | Entered Level 5 of the Dungeon
  3212 | D:5      | Reached skill level 5 in Armour
  3414 | D:5      | Noticed Eustachio
  3430 | D:5      | Killed Eustachio
  3430 | D:5      | Reached XP level 8. HP: 77/77 MP: 8/8
  3575 | D:5      | Found a bloodstained altar of Trog.
  3628 | D:5      | Noticed Rrauwl's ghost (novice HOFi)
  3657 | D:5      | Slain by Rrauwl's ghost

Vault maps used:
D:1:      dpeg_arrival_solitude, supply_closet_lemuel
D:2:      nicolae_gozag_seed_capital, first_bread
D:3:      nicolae_overflow_hidden_temple
D:4:      gup_sewer_entry_pipe, uniq_crazy_yiuf_cottage, uniq_menkaure,
          uniq_edmund
D:5:      trog_butcher_becter, uniq_eustachio

Skill      XL: |  1  2  3  4  5  6  7 |
---------------+----------------------+-----
Axes           | 3 4 5 |  5.5
Dodging        | 1 2 3 |  3.0
Fighting       | 4 5 |  5.9
Shields        | 4 5 |  5.6
Armour         | 4 5 |  5.2
Evocations     | |  0.6

Action                   |  1- 3 |  4- 6 |  7- 9 || total
-------------------------+-------+-------+-------++-------
Melee: War axe           |    52 |   139 |   118 ||   309
Evoke: Wand              |       |     3 |    12 ||    15
  Use: Potion            |     1 |     6 |     2 ||     9
       Scroll            |       |     1 |    10 ||    11
  Eat: Chunk             |       |     6 |     2 ||     8
       Fruit             |       |       |     1 ||     1
Armor: Scale mail        |    27 |    61 |    52 ||   140
Dodge: Dodged            |    15 |    56 |    50 ||   121
Block: Shield            |    30 |    76 |    49 ||   155
